AoeStats
← AvaCz

Arena

510150412Analyzed
2v2 RM · 3d ago on Sep 29, 2026· 30m 46s· 4 players
Game mode
Random Map
Map size
Medium (4 player)
Population
200
Speed
Normal
Resources
Standard
Victory
Conquest
Starting age
Dark Age
Ending age
Imperial Age
RankedLock teamsTeams togetherTeam positionsShared explorationLock speedFull tech treeHidden civsTurbo modeCheats
Victory
Defeat
🇩🇪 Cumans · Germany
722
+15
🇺🇸 Franks · United States
699
+16
🇮🇪 Danes · Ireland
741
-18
🇧🇷 Khmer · Brazil
650
-13
Amachali
0:43 Loom
11:09 Feudal Age
12:06 Double-Bit Axe
18:25 Wheelbarrow
20:01 Castle Age
19:39 Forging
19:19 Fletching
19:28 Gold Mining
19:30 Stone Mining
23:05 Arson
23:20 Squires
24:43 Wheelbarrow
24:45 Iron Casting
25:10 Gold Shaft Mining
31:24 Imperial Age
29:31 Bodkin Arrow
VaughnViktor
11:27 Feudal Age
12:21 Double-Bit Axe
12:18 Horse Collar
15:44 Wheelbarrow
23:17 Man-at-Arms
23:42 Arson
31:21 Castle Age
AvaCz
3:24 Loom
9:06 Feudal Age
10:24 Wheelbarrow
9:35 Double-Bit Axe
lipelpimentel
10:18 Feudal Age
10:58 Double-Bit Axe
17:07 Castle Age
17:26 Wheelbarrow
17:21 Town Watch
26:57 Imperial Age
26:41 Gold Mining
Connection lost

Rejoining the realm…

Still unreachable

The connection could not be restored.

Session expired

The server has moved on; the page needs a fresh start.